 Dungeon Crawl Stone Soup version 0.30.0-29-ga12c61a403 (webtiles) character file.

Game seed: 17922782600117492574

73 ChadusMaximus the Shield-Bearer (level 4, 0/37 HPs)
             Began as a Formicid Fighter on June 17, 2023.
             Killed from afar by an orc wizard (3 damage)
             ... with a magic dart
             ... on level 3 of the Dungeon.
             The game lasted 00:00:53 (1462 turns).

ChadusMaximus the Shield-Bearer (Formicid Fighter)  Turns: 1462, Time: 00:00:53

Health: 0/37       AC:  7    Str: 22    XL:     4   Next: 51%
Magic:  4/4        EV:  9    Int:  8    God:
Gold:   126        SH:  5    Dex: 13    Spells: 3/3 levels left

rFire   . . .        a - +0 war axe
rCold   . . .        c - +0 buckler
rNeg    . . .        b - +0 scale mail
rPois   .            (helmet unavailable)
rElec   .            (no cloak)
rCorr   .            (no gloves)
SInv    +            (no boots)
Will    .....        (no amulet) Stlth
                     (no ring)
HPRegen 0.26/turn    (no ring)
MPRegen 0.09/turn

%: no passive effects
@: no status effects
A: permanent stasis, dig shafts and tunnels, antennae 3, four strong arms
a: Dig, Shaft Self


You were on level 3 of the Dungeon.
You visited 1 branch of the dungeon, and saw 3 of its levels.

You collected 126 gold pieces.

Inventory:

Hand Weapons
 a - a +0 war axe (weapon)
Armour
 b - a +0 scale mail (worn)
 c - a +0 buckler (worn)
Scrolls
 e - a scroll of identify {unknown}
 f - a scroll of amnesia {unknown}
 j - 3 scrolls of teleportation {unknown}
 k - a scroll of magic mapping {unknown}
Potions
 d - a potion of might
 g - a potion of attraction {unknown}
 h - a potion of brilliance {unknown}
 i - 2 potions of flight {unknown}
 l - a potion of lignification {unknown}
 m - a potion of cancellation {unknown}


   Skills:
 + Level 3.9 Fighting
 + Level 2.8 Axes
 + Level 3.9 Armour
 + Level 4.8 Shields


You had 3 spell levels left.
You didn't know any spells.
Your spell library contained the following spells:

 Spells                   Type           Power      Damage    Failure   Level
 Summon Small Mammal      Summ           0%         N/A       80%         1
 Call Canine Familiar     Summ           0%         N/A       99%         3
 Summon Guardian Golem    Hex/Summ       0%         N/A       99%         3


Dungeon Overview and Level Annotations

Branches:
Dungeon (3/15)

Altars:


Innate Abilities, Weirdness & Mutations

You cannot be hasted, slowed, berserked, paralysed or teleported.
You can dig through walls and to a lower floor.
You have a pair of large antennae on your head. (SInv)
Your four strong arms can wield two-handed weapons with a shield.


Message History

You are too confused!
Unknown command.
The orc wizard barely misses you.
You bump into the rock wall.
The orc wizard hits you with a +0 dagger.
The orc barely misses you.
You closely miss the orc wizard.
The orc wizard is moderately wounded.
You barely miss the orc. You hit the orc.
The orc hits you with a +1 falchion of protection.
The orc barely misses you.
The orc wizard hits you with a +0 dagger.
You bump into the translucent rock wall.
The orc wizard hits you with a +0 dagger.
The orc hits you with a +1 falchion of protection.
* * * LOW HITPOINT WARNING * * *
The orc hits you but does no damage.
You completely miss the orc wizard.
The orc wizard is moderately wounded.
You slash the orc!
You kill the orc!
You closely miss the orc.
You feel less confused.
The orc wizard gestures at you while chanting.
The puff of flame hits you!
* * * LOW HITPOINT WARNING * * *
The orc hits you with a +0 club.
* * * LOW HITPOINT WARNING * * *
Unknown command.
You barely miss the orc wizard.
The orc wizard is moderately wounded.
You barely miss the orc. You block the orc wizard's attack.
You block the orc's attack. The orc barely misses you.
The orc wizard closely misses you.
You hit the orc wizard.
The orc wizard is heavily wounded.
You hit the orc.
The orc wizard gestures at you while chanting.
The magic dart hits you.
You die...

...#
#...#....#.#
...#
#.#..#...#.#
####
#..#..#..#.#
#...#....#.#
#.#..#...#.#
###..#..#..#.#
#.....#....#.#
#...#..#..##.#
#...o@.......#
#...#o)#######
.......>##
###...#.#
#.....#
#.#.#.#
#.#.#.# # #
... ..


You could see an orc wizard and an orc.

Vanquished Creatures
  An adder (D:2)
  A white imp (D:3)
  2 dart slugs (D:1)
  An orc (D:3)
  4 ball pythons
  5 endoplasms
  A giant cockroach (D:2)
  5 goblins
  2 hobgoblins
  8 jackals
  3 quokkas (D:1)
  4 bats
  2 frilled lizards
  3 kobolds
  6 rats
48 creatures vanquished.

Notes
Turn   | Place    | Note
-------+----------+-------------------------------------------
     0 | D:1      | ChadusMaximus the Formicid Fighter began the quest for the
                  | Orb.
     0 | D:1      | Reached XP level 1. HP: 18/18 MP: 1/1
   167 | D:1      | Reached XP level 2. HP: 16/24 MP: 2/2
   335 | D:1      | Reached XP level 3. HP: 28/29 MP: 3/3
   896 | D:2      | Reached XP level 4. HP: 25/37 MP: 4/4
  1462 | D:3      | Killed from afar by an orc wizard

Illustrated notes

Levels and vault maps discovered:
D:1:      evilmike_arrival_hilbert_curve, layout_basic
D:2:      layout_loops_cross
D:3:      layout_basic, lemuel_tele_altar, shapermc_ecumenical_altar_notcrosses,
          serial_shops, nicolae_diamond_shop, minmay_misc_feat_diagonals,
          grunt_ministairs_7

Action                     |  1- 3 |  4- 6 || total
---------------------------+-------+-------++-------
  Melee: War axe           |    70 |    34 ||   104
 Armour: Scale mail        |    31 |    21 ||    52
  Dodge: Dodged            |    41 |    20 ||    61
  Block: Buckler           |    16 |     7 ||    23
